 Dungeon Crawl Stone Soup version 0.27-a0-1384-g1422d76b99 (webtiles) character file.

Game seed: 15903115497887359554

49 sagitran the Poker (level 3, -1/46 HPs)
             Began as a Demonspawn Chaos Knight on June 30, 2021.
             Was a Plaything of Xom.
             Killed by divine providence
             ... invoked by an orc priest
              (13 damage)
             ... on level 3 of the Dungeon.
             The game lasted 00:09:45 (1937 turns).

sagitran the Poker (Demonspawn Chaos Knight)        Turns: 1937, Time: 00:09:48

Health: -1/46      AC:  5    Str: 15    XL:     3   Next: 53%
Magic:  0/3        EV: 11    Int: 13    God:    Xom [*.....]
Gold:   30         SH:  0    Dex: 12    Spells: 2/2 levels left

rFire    . . .     SeeInvis .   a - +0 spear (chaos)
rCold    . . .     Faith    .   (no shield)
rNeg     . . .     Spirit   +   b - +2 leather armour
rPois    .         Reflect  .   (no helmet)
rElec    .         Harm     .   (no cloak)
rCorr    .         Rampage  .   (no gloves)
Will     .....                  (no boots)
Stlth    ..........             c - amulet of guardian spirit
HPRegen  0.15/turn              (no ring)
MPRegen  0.08/turn              (no ring)

@: confused, berserking, very quick
A: condensation shield, talons 1, robust 1, strong 1
a: Renounce Religion


You were on level 3 of the Dungeon.
You worshipped Xom.
You were a special plaything of Xom.
You visited 1 branch of the dungeon, and saw 3 of its levels.

You collected 66 gold pieces.
You spent 36 gold pieces at shops.

Inventory:

Hand Weapons
 a - a +0 spear of chaos (weapon)
Armour
 b - a +2 leather armour (worn)
Magical Staves
 i - a staff of death
Jewellery
 c - an amulet of guardian spirit (around neck)
Scrolls
 d - a scroll of fear {unknown}
 f - 3 scrolls of teleportation
 g - a scroll of magic mapping {unknown}
 h - 2 scrolls of immolation {unknown}
 j - a scroll of identify {unknown}


   Skills:
 + Level 3.3 Fighting
 + Level 3.5 Polearms
 + Level 1.9 Armour
 + Level 1.3 Dodging
 + Level 0.2 Stealth
 + Level 0.5 Shields


You had 2 spell levels left.
You didn't know any spells.
Your spell library contained the following spells:

 Spells                   Type           Power      Damage    Failure   Level
 Beastly Appendage        Tmut           0%         N/A       36%         1
 Wereblood                Tmut           0%         N/A       50%         2
 Confusing Touch          Hex            0%         N/A       75%         3
 Gell's Gravitas          Tloc           0%         N/A       75%         3
 Spider Form              Tmut/Pois      0%         N/A       75%         3
 Ice Form                 Ice/Tmut       0%         N/A       98%         4
 Petrify                  Tmut/Erth      0%         N/A       98%         4
 Metabolic Englaciation   Hex/Ice        0%         N/A       100%        5
 Yara's Violent Unravell  Hex/Tmut       0%         3d3       100%        5


Dungeon Overview and Level Annotations

Branches:
Dungeon (3/15)

Altars:
Xom

Shops:
D:2 :?


Innate Abilities, Weirdness & Mutations

A meltable shield of frost defends you. (SH +4)
You have sharp toenails.
You are robust. (+10% HP)
Your muscles are strong. (Str +2)


Message History

The orc priest shouts!
The orc wizard shouts!
You hit the orc wizard.
The orc wizard easily resists.
The orc wizard is moderately wounded.
You hear a shout!
You closely miss the orc wizard.
The orc wizard is moderately wounded.
The orc wizard hits you with a +0 dagger.
The orc wizard hits you with a +0 dagger.
An orc comes into view. It is wielding a +0 trident.
The orc shouts!
You barely miss the orc wizard.
The orc wizard is moderately wounded.
The orc wizard closely misses you. The orc hits you with a +0 dagger.
You hit the orc wizard. You burn the orc wizard.
The orc wizard is severely wounded.
The orc wizard gestures at you while chanting.
You are confused.
The orc priest casts a cantrip, but nothing happens.
The orc hits you from afar with a +0 trident.
The orc hits you but does no damage.
You bump into the rock wall.
The orc wizard hits you but does no damage.
The orc hits you from afar with a +0 trident.
The orc closely misses you.
You hit the orc but do no damage.
The orc is poisoned.
The orc wizard completely misses you. The orc closely misses you.
It was a potion of berserk rage.
A red film seems to cover your vision as you go berserk!
You feel yourself moving faster!
You feel mighty!
Xom makes a sudden noise!
You hear a sizzling sound.
You hear a shout! x2
The orc barely misses you. The orc wizard closely misses you.
The orc hits you from afar with a +0 trident.
You feel a strong urge to attack something.
The orc hits you from afar with a +0 trident.
* * * LOW HITPOINT WARNING * * *
The orc priest invokes the aid of Beogh against you.
Beogh smites you!
You die...
Xom chortles!

# #. #.# #..####.#
#..o.@#.# ##.##o#.# #.o#.#
###.####o##.###
.......†o.....############
.....o....................
..#.#.......#.##########..
.........................
. #.#.##.####.##########..


You could see an orc priest, an orc wizard and 3 orcs.

Vanquished Creatures
  An adder (D:3)
  3 orcs (D:2)
  4 bats
  An endoplasm (D:1)
  2 giant cockroaches
  5 hobgoblins
  2 jackals (D:1)
  A quokka (D:1)
  2 ball pythons
  4 frilled lizards
  2 goblins (D:2)
  4 kobolds
  5 rats
36 creatures vanquished.

Notes
Turn   | Place    | Note
-------+----------+-------------------------------------------
     0 | D:1      | sagitran the Demonspawn Chaos Knight began the quest for
                  | the Orb.
     0 | D:1      | Reached XP level 1. HP: 18/18 MP: 1/1
    43 | D:1      | XOM: silly message
   257 | D:1      | Reached skill level 1 in Dodging
   257 | D:1      | Gained mutation: A meltable shield of frost defends you.
                  | (SH +4) [demonic ancestry]
   257 | D:1      | Reached XP level 2. HP: 19/24 MP: 2/2
   699 | D:1      | XOM: cloud trail
   717 | D:1      | XOM: give mutations
   717 | D:1      | Gained mutation: You occasionally shout uncontrollably at
                  | your foes. [Xom's mischief]
   717 | D:1      | Gained mutation: Your body sometimes deteriorates upon
                  | taking damage. [Xom's mischief]
   717 | D:1      | Gained mutation: You sometimes lose the ability to read
                  | scrolls when taking damage. [Xom's mischief]
   717 | D:1      | Gained mutation: You are strong-willed. (Will+) [Xom's
                  | mischief]
  1128 | D:2      | Found a shimmering altar of Xom.
  1200 | D:2      | Found Murhel's Magic Scroll Shoppe.
  1219 | D:2      | Reached XP level 3. HP: 23/29 MP: 3/3
  1234 | D:2      | Bought a scroll of teleportation for 36 gold pieces
  1387 | D:2      | Found Baplus's Book Boutique.
  1483 | D:3      | Found a faded altar of an unknown god.
  1553 | D:3      | Lost mutation: Your body sometimes deteriorates upon taking
                  | damage. [potion of mutation]
  1553 | D:3      | Lost mutation: You sometimes lose the ability to read
                  | scrolls when taking damage. [potion of mutation]
  1553 | D:3      | Lost mutation: You are strong-willed. (Will+) [potion of
                  | mutation]
  1553 | D:3      | Gained mutation: You are weak. (Str -2) [potion of
                  | mutation]
  1553 | D:3      | Gained mutation: You have supernaturally acute eyesight.
                  | (SInv) [potion of mutation]
  1553 | D:3      | Gained mutation: You have sharp toenails. [potion of
                  | mutation]
  1833 | D:3      | Lost mutation: You are weak. (Str -2) [potion of mutation]
  1833 | D:3      | Lost mutation: You occasionally shout uncontrollably at
                  | your foes. [potion of mutation]
  1833 | D:3      | Lost mutation: You have supernaturally acute eyesight.
                  | (SInv) [potion of mutation]
  1833 | D:3      | Gained mutation: Your muscles are strong. (Str +2) [potion
                  | of mutation]
  1833 | D:3      | Gained mutation: You are robust. (+10% HP) [potion of
                  | mutation]
  1936 | D:3      | XOM: noise
  1937 | D:3      | Killed from afar by an orc priest

Illustrated notes

Levels and vault maps discovered:
D:1:      erik_arrival_cave_to_civilisation [erik_arrival_cave_to_hall],
          layout_basic, feat_on_display
D:2:      layout_loops_ring, basic_altar, serial_shops, shop_statue, shop,
          uniq_jessica
D:3:      layout_basic, ebering_ecumenical_altar_box, nrook_loot_triangle

Skill      XL: |  1 |
---------------+----+-----
Polearms       | 3 |  3.5
Dodging        | 1 |  1.3
Fighting       | |  3.3
Armour         | |  1.9
Stealth        | |  0.2
Shields        | |  0.5

Action                   || total
-------------------------++-------
Melee: Spear             ||   148
       Kick              ||     2
  Use: Potion            ||     3
 Stab: Sleeping          ||     2
Armor: Leather armour    ||    46
Dodge: Dodged            ||    78
Block: Other             ||    22

Table legend: (Time is in decaauts)
 A = Elapsed time spent in this place.
 B = Non-inter-level travel time spent in this place.
 C = Inter-level travel time spent in this place.
 D = Time resting spent in this place.
 E = Time spent auto-exploring this place.
 F = Levels seen in this place.
 G = Mean time per level.
                   A        B        C        D        E       F      G
               +--------+--------+--------+--------+--------+-----+--------+
         Total |   1929 |   1859 |     70 |    237 |    667 |   3 |  643.0 |
       Dungeon |   1929 |   1859 |     70 |    237 |    667 |   3 |  643.0 |
               +--------+--------+--------+--------+--------+-----+--------+

Top non-repeatable levels by time:
     D:1: 1112 daAuts
     D:3: 536 daAuts
     D:2: 280 daAuts
